 Dungeon Crawl Stone Soup version 0.27.0-1-g7a089689b8 (webtiles) character file.

Game seed: 1790250350192258673

42 H0rd4k the Caller (level 3, 0/24 HPs)
             Began as a Barachi Summoner on Aug 3, 2021.
             Succumbed to an adder's poison
             ... on level 2 of the Dungeon.
             The game lasted 00:03:38 (2820 turns).

H0rd4k the Caller (Barachi Summoner)                Turns: 2820, Time: 00:03:39

Health: 0/24       AC:  4    Str:  7    XL:     3   Next: 54%
Magic:  1/7        EV: 12    Int: 14    God:
Gold:   62         SH:  0    Dex: 12    Spells: 4/8 levels left

rFire    . . .     SeeInvis .   (no weapon)
rCold    . . .     Faith    .   (no shield)
rNeg     . . .     Spirit   .   a - +0 robe
rPois    .         Reflect  .   (no helmet)
rElec    .         Harm     .   (no cloak)
rCorr    .         Rampage  .   (no gloves)
Will     .....                  (no boots)
Stlth    ++........             (no amulet)
HPRegen  0.08/turn              (no ring)
MPRegen  0.10/turn              (no ring)

@: mighty, lethally poisoned (0 -> -1), slow
A: amphibious, slowness 1, strong legs 1, +LOS, iridescent scales 1, dopey 1,
weak 1
a: Hop


You were on level 2 of the Dungeon.
You visited 1 branch of the dungeon, and saw 2 of its levels.

You collected 62 gold pieces.

Inventory:

Armour
 a - a +0 robe (worn)
Scrolls
 c - a scroll of teleportation {unknown}
 d - a scroll of enchant weapon {unknown}
 e - 3 scrolls of blinking {unknown}
 g - 3 scrolls of identify {unknown}
 h - a scroll of enchant armour {unknown}
 i - 4 scrolls of amnesia {unknown}
Potions
 b - a potion of mutation


   Skills:
 + Level 2.2 Dodging
 - Level 1.7 Stealth
 + Level 3.2 Spellcasting
 + Level 5.5 Summonings


You had 4 spell levels left.
You knew the following spells:

 Your Spells              Type           Power      Damage    Failure   Level
a - Summon Small Mammal   Summ           68%        N/A       2%          1
b - Call Canine Familiar  Summ           17%        N/A       6%          3

Your spell library contained the following spells:

 Spells                   Type           Power      Damage    Failure   Level
 Call Imp                 Summ           17%        N/A       3%          2
 Summon Guardian Golem    Hex/Summ       10%        N/A       21%         3
 Corona                   Hex            2%         N/A       22%         1
 Ensorcelled Hibernation  Hex/Ice        4%         N/A       32%         2
 Tukima's Dance           Hex            2%         N/A       54%         3
 Summon Lightning Spire   Summ/Air       10%        N/A       54%         4


Dungeon Overview and Level Annotations

Branches:
Dungeon (2/15)

Altars:

Shops:
D:1 [


Innate Abilities, Weirdness & Mutations

You are amphibious.
You cover ground slowly.
You can hop short distances.
You have an extended range of vision and can be seen from far away.
You are partially covered in iridescent scales. (AC +2)
You are dopey. (Int -2)
You are weak. (Str -2)


Message History

The adder poisons you!
Your quokka completely misses the adder.
Your quokka closely misses the adder.
The adder bites you.
Unknown command.
You swap places.
You feel very sick.
Your bat barely misses the adder.
Your quokka completely misses the adder.
Your quokka barely misses the adder.
Your quokka bites the adder.
The adder bites your quokka.
Your quokka is poisoned.
The adder poisons your quokka!
Your quokka bites the adder.
Your quokka barely misses the adder.
It was a potion of mutation.
You feel extremely strange.
Iridescent scales grow over part of your body.
You feel stupid.
You feel weaker.
* * * LOW HITPOINT WARNING * * *
You feel sick.
Your quokka misses the adder.
The adder bites your quokka but does no damage.
Your bat barely misses the adder.
Your quokka misses the adder.
Your quokka bites the adder.
The adder dies!
There is a lethal amount of poison in your body!
There is a lethal amount of poison in your body!
It was a potion of might.
You feel very mighty all of a sudden.
* * * LOW HITPOINT WARNING * * *
You feel sick.
* * * LOW HITPOINT WARNING * * *
You feel sick.
* * * LOW HITPOINT WARNING * * *
You feel sick.
* * * LOW HITPOINT WARNING * * *
You feel sick.
* * * LOW HITPOINT WARNING * * *
You feel sick.
Okay, then.
Unknown command.
Unknown command.
You die...

#.##........... .. .
##.##..........[ ##.# .!
#..##........... ...# #.
#.###..........# #h§ #.# #.#
###.....#..# ##.h ...### ##.#
#..#.....###..# .....#
#..#####...>..#.##...####
.....####.##..rb.#......#.....†.#
....).......r.r.@......##.#.###.#
.....####.##.######.#..#..#.###.#
........................<....†...
.............#....#.#....###.##.#
......................#..# #.##.#
.........................# #.##..
.......................#.###.###(
#..................)...#..##.# ##
#......>..............###....####


You could see 3 friendly quokkas and a friendly bat (summoned).

Vanquished Creatures
  A rat (D:1)
1 creature vanquished.

Vanquished Creatures (collateral kills)
  2 adders (D:2)
  A worm (D:2)
  A dart slug (D:1)
  2 endoplasms (D:1)
  3 giant cockroaches
  6 goblins
  2 hobgoblins (D:2)
  4 jackals
  A quokka (D:2)
  2 ball pythons (D:1)
  5 bats
  3 frilled lizards
  9 kobolds
  2 rats (D:2)
43 creatures vanquished.

Vanquished Creatures (others)
  A jackal (D:2)
1 creature vanquished.

Grand Total: 45 creatures vanquished

Notes
Turn   | Place    | Note
-------+----------+-------------------------------------------
     0 | D:1      | H0rd4k the Barachi Summoner began the quest for the Orb.
     0 | D:1      | Reached XP level 1. HP: 13/13 MP: 3/3
    44 | D:1      | Reached skill level 5 in Summonings
   534 | D:1      | Reached XP level 2. HP: 19/19 MP: 0/5
  1361 | D:1      | Found Hiak's Armour Boutique.
  1965 | D:2      | Reached XP level 3. HP: 17/24 MP: 1/7
  1969 | D:2      | Learned a level 3 spell: Call Canine Familiar
  2814 | D:2      | Gained mutation: You are partially covered in iridescent
                  | scales. (AC +2) [potion of mutation]
  2814 | D:2      | Gained mutation: You are dopey. (Int -2) [potion of
                  | mutation]
  2814 | D:2      | Gained mutation: You are weak. (Str -2) [potion of
                  | mutation]
  2818 | D:2      | HP: 1/24 [poisoned by an adder]
  2820 | D:2      | Succumbed to an adder's poison

Illustrated notes

Levels and vault maps discovered:
D:1:      minmay_arrival_diagonal_passages, layout_basic, serial_shops, shop
D:2:      layout_rooms

Skill      XL: |  1  2  3 |
---------------+----------+-----
Summonings     | 5 |  5.5
Spellcasting   | 3 |  3.2
Dodging        | |  2.2
Stealth        | |  1.7

Action                   || total
-------------------------++-------
Melee: Unarmed           ||    36
 Cast: Summon Small Mamm ||   135
  Use: Potion            ||     2
Armor: Robe              ||    38
Dodge: Dodged            ||    79
